 Dungeon Crawl Stone Soup version 0.29-a0-757-g358383bc75 (webtiles) character file.

Game seed: 12805752841526698239

1269 Sabo the Chopper (level 8, -2/49 HPs)
             Began as a Gargoyle Fighter on June 30, 2022.
             Was an Elder of Cheibriados.
             Slain by a wight
             ... wielding a +0 morningstar
              (6 damage)
             ... on level 4 of the Dungeon.
             The game lasted 00:23:27 (5824 turns).

Sabo the Chopper (Gargoyle Fighter)                 Turns: 5824, Time: 00:23:27

Health: -2/49      AC: 15    Str: 32    XL:     8   Next: 53%
Magic:  0/8        EV: 12    Int: 17    God:    Cheibriados [****..]
Gold:   201        SH:  6    Dex: 18    Spells: 7/7 levels left

rFire   . . .      SeeInvis .   d - +4 hand axe (venom)
rCold   . . .      Faith    .   c - +0 buckler
rNeg    + . .      Spirit   +   t - +2 ring mail {Will+}
rPois   ∞          Reflect  .   (no helmet)
rElec   +          Harm     .   (no cloak)
rCorr   .          Rampage  .   (no gloves)
Will    +....                   g - +0 pair of boots
Stlth   +.........              x - amulet of guardian spirit
HPRegen 0.16/turn               (no ring)
MPRegen 0.11/turn               (no ring)

@: very slow
A: sickness immunity, AC +5, negative energy resistance 1, electricity
resistance, torment resistance 1, petrification resistance
a: Renounce Religion, Bend Time, Temporal Distortion, Slouch


You were on level 4 of the Dungeon.
You worshipped Cheibriados.
Cheibriados was greatly pleased with you.
You visited 1 branch of the dungeon, and saw 7 of its levels.

You collected 201 gold pieces.

Inventory:

Hand Weapons
 a - a +0 war axe
 d - a +4 hand axe of venom (weapon)
 q - a +0 sling
 D - a +4 hand axe
 E - a +4 battleaxe
 G - a +4 flail
Missiles
 e - 12 poisoned darts
 s - 5 javelins (quivered)
 v - a throwing net
 A - 5 boomerangs
Armour
 c - a +0 buckler (worn)
 g - a +0 pair of boots (worn)
 t - a +2 ring mail of willpower (worn)
Jewellery
 m - an amulet of reflection
 x - an amulet of guardian spirit (around neck)
Wands
 C - a wand of iceblast (7)
Scrolls
 i - 2 scrolls of fog
 k - a scroll of magic mapping
 n - a scroll of poison
 u - 2 scrolls of teleportation
 w - a scroll of vulnerability {unknown}
 y - a scroll of silence {unknown}
 z - a scroll of blinking {unknown}
 H - a scroll of fear {unknown}
 J - a scroll of immolation {unknown}
Potions
 b - a potion of degeneration {unknown}
 f - 3 potions of lignification {unknown}
 h - 2 potions of ambrosia {unknown}
 j - 4 potions of attraction {unknown}
 l - 2 potions of curing {unknown}
 o - a potion of cancellation {unknown}
 p - a potion of magic {unknown}
 r - a potion of flight {unknown}
 B - a potion of mutation {unknown}
 F - a potion of heal wounds {unknown}
 I - a potion of brilliance {unknown}


   Skills:
 + Level 5.3 Fighting
 + Level 6.2 Axes
 + Level 0.2 Throwing
 + Level 6.1 Armour
 + Level 2.4 Dodging
 + Level 1.2 Stealth
 + Level 4.5 Shields


You had 7 spell levels left.
You didn't know any spells.
Your spell library contained the following spells:

 Spells                   Type           Power      Damage    Failure   Level
 Petrify                  Tmut/Erth      0%         N/A       99%         4
 Irradiate                Conj/Tmut      0%         3d13      100%        5
 Sublimation of Blood     Necr           Unusable   N/A       N/A         2

Dungeon Overview and Level Annotations

Branches:
Dungeon (7/15)
 Temple: D:4-7

Altars:
Cheibriados
Kikubaaqudgha
Makhleb
Vehumet


Innate Abilities, Weirdness & Mutations

You are immune to sickness and miasma.
Your stone body is resilient. (AC +5)
You are immune to poison.
You resist negative energy. (rN+)
You are resistant to electric shocks. (rElec)
You are resistant to unholy torment.
You are immune to petrification.


Message History

The wight is heavily damaged.
You hit the wight. x2; The wight hits you but does no damage.
The wight closely misses you.
The wight hits you with a +4 scimitar of freezing.
The wight freezes you.
You closely miss the wight.
The wight is heavily damaged.
You closely miss the wight. You hit the wight but do no damage.
The wight hits you but does no damage. The wight closely misses you.
The wight hits you with a +4 scimitar of freezing!
The wight freezes you.
* * * LOW HITPOINT WARNING * * *
You hit the wight.
The wight is almost destroyed.
You hit the wight. You slash the wight!
You destroy the wight!
Cheibriados appreciates the change of pace.
The wight hits you with a +0 morningstar.
* * * LOW HITPOINT WARNING * * *
The wight hits you with a +4 scimitar of freezing.
* * * LOW HITPOINT WARNING * * *
The wight freezes you.
* * * LOW HITPOINT WARNING * * *
You hit the wight.
The wight is almost destroyed.
You hit the wight but do no damage. The wight barely misses you. x2
You barely miss the wight.
The wight is almost destroyed.
You closely miss the wight. The wight barely misses you. x2
You slash the wight!
You destroy the wight!
Cheibriados thoroughly appreciates the change of pace.
You hit the wight. You block the wight's attack. The wight closely misses you.
The wight barely misses you.
Things that are here:
a +4 scimitar of freezing; a +1 robe of resistance You hit the wight.
The wight is heavily damaged.
The wight hits you with a +0 morningstar!
You die...

#...#.############.#
##.##.##.
#...#.#.....>....#.#
#.##.###
#...#.#.########.#.#
#.##.#
#####.#[.....# #.#.#
#..#.### #.######.#
#.#.# ##...... #.#
#.# #.#.# #......
#.# #.# #...#
#...... #.######.#
#))##.# #......
#.##...#.# #@....#
#...... #.##...#.#
#z##### #.#..##
#####.##...#.# #.#
#..#.#
#...).##...#.# ..#
##.#.#
#.....##...#.#.###
#...##
#.....##...#.#.
############†..#
#......'.....#
#.....[........#
#....###...###
#...............
#....# #...#
#.............#.


You could see a wight.

Vanquished Creatures
  Sigmund (D:2)
  A black bear (D:6)
  An ice beast (D:6)
  An ogre (D:7)
  7 wights
  A hound (D:4)
  A gnoll shaman (D:7)
  3 orc wizards
  2 iguanas
  9 adders
  12 gnolls
  A white imp (D:7)
  An ufetubus (D:4)
  2 worms (D:2)
  A dart slug (D:1)
  10 orcs
  6 endoplasms
  3 giant cockroaches
  3 goblins
  4 hobgoblins
  8 jackals
  3 quokkas
  8 ball pythons
  6 bats
  A frilled lizard (D:3)
  3 kobolds
  7 rats
106 creatures vanquished.

Vanquished Creatures (others)
  A human (D:3)
  A fungus (D:1)
  A plant (D:1)
3 creatures vanquished.

Grand Total: 109 creatures vanquished

Notes
Turn   | Place    | Note
-------+----------+-------------------------------------------
     0 | D:1      | Sabo the Gargoyle Fighter began the quest for the Orb.
     0 | D:1      | Reached XP level 1. HP: 14/14 MP: 1/1
    76 | D:1      | Reached XP level 2. HP: 16/19 MP: 2/2
   890 | D:1      | Found a faded altar of an unknown god.
   899 | D:1      | Prayed at the altar of an unknown god.
   899 | D:1      | Became a worshipper of Cheibriados the Contemplative
   899 | D:1      | Reached * piety under Cheibriados
  1203 | D:2      | Reached XP level 3. HP: 21/23 MP: 3/3
  1598 | D:2      | Reached XP level 4. HP: 24/29 MP: 4/4
  1702 | D:2      | Noticed Sigmund
  1716 | D:2      | Killed Sigmund
  1717 | D:2      | Reached skill level 1 in Dodging
  1717 | D:2      | Reached XP level 5. HP: 7/33 MP: 5/5
  2023 | D:2      | Reached ** piety under Cheibriados
  2149 | D:2      | Reached XP level 6. HP: 38/38 MP: 6/6
  2888 | D:3      | Found a burning altar of Makhleb.
  3320 | D:3      | Reached *** piety under Cheibriados
  3721 | D:3      | Found an ancient bone altar of Kikubaaqudgha.
  3721 | D:3      | Noticed a human
  3724 | D:3      | Killed a human
  4186 | D:4      | Reached skill level 5 in Armour
  4375 | D:4      | You fall into a shaft and drop 3 floors!
  4483 | D:7      | Reached XP level 7. HP: 11/44 MP: 1/7
  4838 | D:6      | Reached skill level 1 in Stealth
  4866 | D:6      | Reached skill level 5 in Axes
  4866 | D:6      | Reached XP level 8. HP: 18/48 MP: 3/8
  4873 | D:6      | Reached skill level 5 in Fighting
  5200 | D:5      | Entered Level 5 of the Dungeon
  5240 | D:5      | Reached **** piety under Cheibriados
  5316 | D:5      | Found a radiant altar of Vehumet.
  5824 | D:4      | Slain by a wight

Illustrated notes

Levels and vault maps discovered:
D:1:      wander_arrival_lonely_grave, layout_rooms,
          shapermc_ecumenical_altar_mp_ritualfount, minmay_strange_pillars,
          st_stairs_7, minmay_tetromino_o2
D:2:      layout_loops_ring, uniq_sigmund
D:3:      layout_basic, tgw_kikubaaqudgha, general_overflow_altar,
          minmay_distorted
D:4:      layout_basic
D:5:      layout_gridville, mainiacjoe_overflow_catwalk,
          minmay_temple_entry_tees, nicolae_shop_fire_sale
          [nicolae_sub_dead_trees], minmay_strange_pillars, uniq_duvessa
D:6:      layout_basic, nicolae_tso_swordbearing_angel, zin_treasury,
          serial_shops, nicolae_shop_behind_doors, uniq_grinder
D:7:      layout_gridville

Skill      XL: |  1  2  3  4  5  6  7  8 |
---------------+-------------------------+-----
Axes           | 2 3 4 5 6 |  6.2
Fighting       | 4 5 |  5.3
Armour         | 4 5 6 |  6.1
Dodging        | 1 2 |  2.4
Shields        | 4 |  4.5
Stealth        | 1 |  1.2
Throwing       | |  0.2

Action                   |  1- 3 |  4- 6 |  7- 9 || total
-------------------------+-------+-------+-------++-------
Melee: War axe           |   101 |    13 |       ||   114
       Hand axe          |       |    95 |   103 ||   198
Throw: Javelin           |       |       |     2 ||     2
       Dart              |       |       |     1 ||     1
  Use: Scroll            |     1 |     6 |     2 ||     9
       Potion            |       |     1 |       ||     1
Armor: Scale mail        |    65 |    49 |       ||   114
       Ring mail         |       |    26 |    64 ||    90
Dodge: Dodged            |    67 |    76 |    66 ||   209
Block: Buckler           |    27 |    32 |    31 ||    90

Table legend: (Time is in decaauts)
 A = Elapsed time spent in this place.
 B = Non-inter-level travel time spent in this place.
 C = Inter-level travel time spent in this place.
 D = Time resting spent in this place.
 E = Time spent auto-exploring this place.
 F = Levels seen in this place.
 G = Mean time per level.
                   A        B        C        D        E       F      G
               +--------+--------+--------+--------+--------+-----+--------+
         Total |   7597 |   7597 |      0 |   1856 |      0 |   7 | 1085.3 |
       Dungeon |   7597 |   7597 |      0 |   1856 |      0 |   7 | 1085.3 |
               +--------+--------+--------+--------+--------+-----+--------+

Top non-repeatable levels by time:
     D:2: 1929 daAuts
     D:3: 1769 daAuts
     D:4: 1334 daAuts
     D:1: 1321 daAuts
     D:7: 549 daAuts
     D:6: 448 daAuts
     D:5: 243 daAuts
